 Dungeon Crawl Stone Soup version 0.26-a0-113-gd8a95b691d (webtiles) character file.

Game seed: 14829345739478472274

7024 bmfx the Carver (level 11, -3/81 HPs)
             Began as a Human Chaos Knight on June 26, 2020.
             Was a Plaything of Xom.
             Slain by a manticore (5 damage)
             ... on level 10 of the Dungeon.
             The game lasted 00:54:50 (18734 turns).

bmfx the Carver (Human Chaos Knight)               Turns: 18734, Time: 00:54:51

Health: -3/81      AC: 23    Str: 20    XL:     11   Next: 29%
Magic:  14/14      EV:  6    Int: 17    God:    Xom [..*...]
Gold:   164        SH:  0    Dex: 13    Spells: 10/10 levels left

rFire    + . .     SeeInvis .   y - +10 triple sword of Conformity {god gift, chaos, *Drain Int+5 Stlth+}
rCold    . . .     Faith    .   (shield currently unavailable)
rNeg     . . .     Spirit   .   j - +0 plate armour
rPois    .         Reflect  .   q - +2 helmet
rElec    .         Harm     .   F - +2 cloak
rCorr    +                      G - +2 pair of gloves
MR       .....                  (no boots)
Stlth    ..........             A - amulet of the acrobat
HPRegen  0.23/turn              E - ring of resist corrosion
MPRegen  0.14/turn              I - ring "Tihiko" {rF+ Str+4 Slay+2}

@: no status effects
A: blurry vision 2, screaming 2, evolution 1
a: Renounce Religion


You were on level 10 of the Dungeon.
You worshipped Xom.
You were a toy of Xom.
You were not hungry.

You visited 1 branch of the dungeon, and saw 10 of its levels.

You collected 1291 gold pieces.
You spent 1127 gold pieces at shops.


Innate Abilities, Weirdness & Mutations

Scrolls take you longer to read.
You sometimes yell uncontrollably at your foes.
You evolve.

Dungeon Overview and Level Annotations

Branches:
Dungeon (10/15)            Temple (0/1) D:4            Lair (0/6) D:9
    Orc (0/2) D:10

Altars:
Dithmenos
Fedhas
Hepliaklqana
Kikubaaqudgha
Okawaru
Ru
Trog
Xom
The Shining One

Shops:
D:10 *=([

Annotations:
D:6 exclusion: oklob plant
Abyss:1 Grinder


   Skills:
 - Level 6.0 Fighting
 + Level 11.7 Long Blades
 - Level 6.0 Slings
 + Level 7.7 Armour
 - Level 1.0 Dodging
 - Level 5.0 Evocations


You had 10 spell levels left.
You didn't know any spells.
Your spell library contained the following spells:

 Spells                   Type           Power        Failure   Level  Hunger
 Freeze                   Ice            #...         99%         1    ##.....
 Shock                    Conj/Air       #...         99%         1    ##.....
 Swiftness                Chrm/Air       #.......     100%        2    ###....
 Frozen Ramparts          Ice            #.....       100%        3    ####...
 Ozocubu's Armour         Chrm/Ice       #.......     100%        3    ####...
 Static Discharge         Conj/Air       #.......     100%        3    ####...
 Airstrike                Air            #.........   100%        4    #####..
 Hailstorm                Conj/Ice       #.......     100%        4    #####..
 Summon Ice Beast         Ice/Summ       #.......     100%        4    #####..
 Lightning Bolt           Conj/Air       #.........   100%        5    ######.

Action                   |  1- 3 |  4- 6 |  7- 9 | 10-12 || total
-------------------------+-------+-------+-------+-------++-------
Melee: Falchion          |    96 |   143 |       |       ||   239
       Long sword        |       |       |   150 |       ||   150
       Triple sword      |       |       |       |   185 ||   185
 Fire: Hunting sling     |       |    85 |   459 |       ||   544
Throw: Stone             |     1 |       |     1 |     2 ||     4
Evoke: Wand              |       |       |    10 |     8 ||    18
  Use: Scroll            |     3 |     4 |    21 |     6 ||    34
       Potion            |       |     3 |     6 |     1 ||    10
 Stab: Petrified         |     6 |       |       |       ||     6
       Sleeping          |     1 |       |       |     1 ||     2
       Paralysed         |       |       |    10 |     3 ||    13
       Invisible         |       |       |     1 |       ||     1
  Eat: Chunk             |     1 |     4 |     9 |     4 ||    18
       Ration            |     1 |     2 |     6 |     5 ||    14
Armor: Leather armour    |    25 |    26 |    94 |       ||   145
       Skin              |       |       |    52 |    17 ||    69
       Plate armour      |       |       |    33 |   128 ||   161
Dodge: Dodged            |    46 |    72 |   270 |    65 ||   453
Block: Buckler           |       |       |    21 |       ||    21
       Rpst.: Falchion   |    15 |    18 |       |       ||    33
       Long sword        |       |       |    16 |       ||    16
       Triple sword      |       |       |       |    14 ||    14

Skill      XL: |  1  2  3  4  5  6  7  8  9 10 11 |
---------------+----------------------------------+-----
Long Blades    | 4 5 8 11 | 11.7
Fighting       | 4 5 6 |  6.0
Slings         | 2 4 5 6 |  6.0
Evocations     | 1 5 |  5.0
Armour         | 6 7 |  7.7
Dodging        | |  1.0

Inventory:

Hand Weapons
 o - a cursed +4 scimitar
 w - a +3 hunting sling of freezing
 y - the +10 triple sword of Conformity (weapon) {god gift, chaos, *Drain Int+5 Stlth+}
   (Xom gifted it to you on level 3 of the Dungeon)

   Each time it hits an enemy it has a different, random effect.
   It affects your intelligence (+5).
   It causes draining when unequipped.
   It makes you more stealthy.
Missiles
 c - 174 arrows
 l - 34 poisoned darts
 s - 309 stones (quivered)
 u - 54 sling bullets
 x - 2 throwing nets {!f}
Armour
 j - a +0 plate armour (worn)
 q - a +2 helmet (worn)
 F - a +2 cloak (worn)
 G - a +2 pair of gloves (worn)
Jewellery
 k - an uncursed ring of see invisible
 r - an uncursed ring of flight
 v - the ring "Egadeykhog" {god gift, Ice rN++ SInv Stlth-}
   (Xom gifted it to you on level 7 of the Dungeon)

   [ring of ice]

   It enhances your ice magic.
   It makes you vulnerable to fire.
   It protects you from cold.
   It greatly protects you from negative energy.
   It lets you see invisible.
   It makes you less stealthy.
 A - an amulet of the acrobat (around neck)
 E - a ring of resist corrosion (left hand)
 I - the ring "Tihiko" (right hand) {rF+ Str+4 Slay+2}
   (You bought it in a shop on level 10 of the Dungeon)

   [ring of protection from fire]

   It affects your strength (+4).
   It affects your accuracy and damage with ranged weapons and melee attacks
   (+2).
   It protects you from fire.
Wands
 n - a wand of flame (20)
 B - a wand of polymorph (7)
 C - a wand of random effects (15)
Scrolls
 a - a scroll of holy word {unknown}
 d - 4 scrolls of remove curse {@r4}
 h - a scroll of magic mapping
 z - a scroll of vulnerability
 J - 2 scrolls of teleportation {@r1}
 N - a scroll of enchant armour
Potions
 b - a potion of haste {@q4}
 f - 7 potions of curing {@q2}
 g - a potion of degeneration
 i - 2 potions of heal wounds {@q1}
 m - a potion of ambrosia {god gift}
 p - 3 potions of flight
 t - 2 potions of stabbing
 D - a potion of resistance
 L - a potion of cancellation {unknown}
 M - a potion of lignification
 O - a potion of might {unknown}
Comestibles
 e - 21 rations

.# #.# #.# #.#....
.# #.### #######.#
###.#.### .# #...#
........# #...#.###
.# ###.# ######..#
#.##..... .# #.#
#..# #.##..### .#
#.# #..# #.##..# )#
#.# #..# #.##..# .#
#>#
######..###÷##..#
## #^#
#§@bh...........###
#.#
#H#####.###.#......
#.# .b§..#####
#)#..#### ...
8......###.#..####
...
.......#..........
..Z
.......#...#..##..
.
.........###......
>.....8..# ###.#..
........## #.##.


You could see a manticore (berserk, extremely poisoned) and a friendly hound
(summoned).

Vanquished Creatures
  Pikel (D:6)
  A glowing shapeshifter (D:5)
  A cyclops (D:7)
  2 elephants
  Sigmund (D:3)
  A wyvern (D:6)
  A wraith (D:9)
  7 yaks
  A basilisk (D:9)
  2 hungry ghosts
  A porcupine (D:3)
  A sky beast (D:5)
  2 orc warriors (D:9)
  An ice beast (D:6)
  2 black bears
  A slave (D:6)
  A wolf (D:7)
  3 centaurs
  3 ogres
  A phantom (D:4)
  A crocodile (D:9)
  A big kobold (D:8)
  5 bullfrogs
  A gnoll sergeant (D:7)
  A water moccasin zombie (D:10)
  Dowan (D:5)
  6 killer bees
  4 wights (D:8)
  A troll zombie (D:10)
  3 crimson imps
  A centaur zombie (D:9)
  5 orc priests
  2 hounds (D:8)
  A jelly (D:5)
  Crazy Yiuf (D:5)
  6 orc wizards
  A gnoll shaman (D:3)
  5 iguanas
  3 worker ants
  A killer bee zombie (D:6)
  6 ogre zombies (D:10)
  Robin (D:3)
  2 worker ant zombies
  A howler monkey skeleton (D:9)
  9 gnolls
  3 adders
  A shadow imp (D:6)
  2 adder zombies
  A dart slug (D:1)
  10 leopard geckos
  28 orcs
  4 giant cockroaches
  10 goblins
  11 hobgoblins
  6 jackals (D:8)
  4 quokkas
  2 ball pythons
  3 bats
  9 frilled lizards
  2 goblin zombies (D:10)
  2 hobgoblin skeletons (D:10)
  3 hobgoblin zombies (D:10)
  A jackal zombie (D:5)
  13 kobolds
  A leopard gecko skeleton (D:5)
  5 orc skeletons (D:10)
  10 orc zombies (D:10)
  3 rats
237 creatures vanquished.

Vanquished Creatures (collateral kills)
  A big kobold (D:8)
  An orc (D:3)
  A goblin (D:3)
3 creatures vanquished.

Vanquished Creatures (others)
  Duvessa (D:5)
  An orc wizard (D:3)
  2 orc zombies (D:10)
  13 toadstools (D:6)
17 creatures vanquished.

Grand Total: 257 creatures vanquished

Levels and vault maps discovered:
D:1:      dpeg_arrival_chambers_temple_mockup, layout_loops_ring, st_stairs_4
D:2:      layout_basic, nemelex_dance_club_becter
D:3:      cheibrodos_pilgrimage, layout_loops_ring, overflow_temple_1_default,
          lemuel_doored_altar, first_ration, minmay_misc_feat_room,
          kennysheep_generic_room_13, uniq_robin, uniq_grinder, uniq_sigmund
D:4:      layout_layer_cave, nicolae_dithmenos_the_darkroom,
          minmay_temple_entry_statues
D:5:      layout_loops_ring, gammafunk_temple_overflow_statue, uniq_duvessa,
          uniq_crazy_yiuf_cottage
D:6:      layout_basic, tgw_fedhas
D:7:      layout_basic, grunt_ogre_cave, minmay_between, uniq_pikel
D:8:      layout_basic, uniq_harold
D:9:      layout_basic, grunt_temple_overflow_bloody_war, david_lair_generic
D:10:     layout_loops_ring, zombieorc2_lemuel, serial_shops, shop, shop, shop,
          kennysheep_mini, shop


Message History

The manticore claws you but does no damage.
The manticore barely misses you.
You hit the manticore.
The manticore is poisoned.
The manticore is moderately wounded.
The manticore bites you!!
* * * LOW HITPOINT WARNING * * *
A shower of butterflies erupts from you!
The manticore claws you.
* * * LOW HITPOINT WARNING * * *
The manticore claws you but does no damage.
The manticore bites you but does no damage.
The manticore barely misses you. The manticore claws you.
* * * LOW HITPOINT WARNING * * *
You slice the manticore!!
The manticore looks as sick as possible!
The manticore is severely wounded.
Xom's power flows through you! The manticore closely misses you.
The manticore claws you.
You die...
Xom giggles madly!

Notes
Turn   | Place    | Note
-------+----------+-------------------------------------------
     0 | D:1      | bmfx the Human Chaos Knight began the quest for the Orb.
     0 | D:1      | Reached XP level 1. HP: 18/18 MP: 1/1
    32 | D:1      | XOM: silly message
    60 | D:1      | XOM: divination: detect creatures
   115 | D:1      | XOM: enchant monster (good)
   129 | D:1      | Reached XP level 2. HP: 22/24 MP: 2/2
   350 | D:1      | XOM: give mutations
   350 | D:1      | Gained mutation: You do not regenerate when monsters are
                  | visible. [Xom's mischief]
   350 | D:1      | Gained mutation: Your magical capacity is low. (-10% MP)
                  | [Xom's mischief]
   350 | D:1      | Gained mutation: Armour fits poorly on your strangely
                  | shaped body. [Xom's mischief]
   350 | D:1      | Gained mutation: Your flesh is cold resistant. (rC+) [Xom's
                  | mischief]
   375 | D:1      | Reached XP level 3. HP: 22/29 MP: 2/2
  1014 | D:1      | XOM: 2-stop teleportation journey
  1421 | D:1      | XOM: noise
  1489 | D:1      | XOM: cloud trail
  1705 | D:2      | XOM: noise
  1773 | D:2      | XOM: god gift: 55 gold pieces {god gift}
  1837 | D:2      | Reached XP level 4. HP: 35/37 MP: 3/3
  2398 | D:3      | Noticed Robin
  2469 | D:3      | Reached skill level 4 in Long Blades
  2573 | D:3      | Found a sacrificial altar of Ru.
  2604 | D:3      | Killed Robin
  2604 | D:3      | Reached skill level 1 in Slings
  2606 | D:3      | Noticed Grinder
  2617 | D:3      | XOM: enchant monster (bad)
  2631 | D:2      | XOM: give mutations
  2631 | D:2      | Gained mutation: You possess an exceptional clarity of
                  | mind. [Xom's grace]
  2631 | D:2      | Gained mutation: Your spells are a little harder to cast,
                  | but a little more powerful. [Xom's grace]
  2631 | D:2      | Gained mutation: You evolve. [Xom's grace]
  2631 | D:2      | Gained mutation: You are resistant to hostile enchantments.
                  | (MR+) [Xom's grace]
  3014 | D:2      | XOM: cloud trail
  3114 | D:2      | Reached XP level 5. HP: 33/42 MP: 4/4
  3563 | D:3      | XOM: cloud trail
  3607 | D:3      | Found a glowing golden altar of the Shining One.
  3613 | D:3      | Noticed Sigmund
  3642 | D:3      | XOM: scenery: create altars
  3644 | D:3      | XOM: summons friendly ufetubus
  3845 | D:2      | XOM: noise
  4141 | D:3      | Noticed a bullfrog
  4141 | D:3      | an adder changed into a bullfrog
  4141 | D:3      | XOM: polymorph adder -> bullfrog
  4146 | D:3      | Killed a bullfrog
  4146 | D:3      | Reached XP level 6. HP: 37/48 MP: 5/5
  4282 | D:3      | XOM: god gift: 61 gold pieces {god gift}
  4768 | D:3      | Noticed a porcupine
  4768 | D:3      | an orc priest changed into a porcupine
  4768 | D:3      | XOM: polymorph orc priest -> porcupine
  4774 | D:3      | XOM: enchant monster (bad)
  5084 | D:4      | Noticed a phantom
  5109 | D:4      | XOM: noise
  5128 | D:4      | Killed a phantom
  5424 | D:4      | Reached skill level 5 in Fighting
  5578 | D:4      | Found a shadowy altar of Dithmenos.
  5670 | D:4      | Reached XP level 7. HP: 56/56 MP: 6/6
  5803 | D:4      | XOM: summons 1 hostile shadow creature
  6072 | D:3      | XOM: smoke on damage
  6300 | D:2      | XOM is BORED!
  6694 | D:2      | XOM: silly message
  6809 | D:3      | XOM: divination: detect items
  6864 | D:3      | XOM: potion effect (haste)
  6953 | D:4      | Found a staircase to the Ecumenical Temple.
  7178 | D:5      | Entered Level 5 of the Dungeon
  7202 | D:5      | Lost mutation: Your spells are a little harder to cast, but
                  | a little more powerful. [potion of mutation]
  7202 | D:5      | Lost mutation: Your magical capacity is low. (-10% MP)
                  | [potion of mutation]
  7202 | D:5      | Lost mutation: Your flesh is cold resistant. (rC+) [potion
                  | of mutation]
  7202 | D:5      | Lost mutation: You possess an exceptional clarity of mind.
                  | [potion of mutation]
  7202 | D:5      | Gained mutation: You are highly resistant to hostile
                  | enchantments. (MR++) [potion of mutation]
  7202 | D:5      | Gained mutation: Your flesh is cold resistant. (rC+)
                  | [potion of mutation]
  7242 | D:5      | Found an ancient bone altar of Kikubaaqudgha.
  7242 | D:5      | Found a hazy altar of Hepliaklqana.
  7265 | D:5      | Noticed Duvessa
  7265 | D:5      | Noticed Dowan
  7268 | D:5      | XOM: divination: detect items
  7271 | D:5      | XOM: noise
  7384 | D:5      | XOM: 1-stop teleportation journey
  7513 | D:5      | XOM: confuse monster(s)
  7538 | D:5      | XOM: cast spell 'Cause Fear'
  7665 | D:5      | Reached skill level 5 in Slings
  7737 | D:5      | XOM: cloud trail
  7786 | D:5      | XOM is BORED!
  7786 | D:5      | XOM: summons 4 hostile demons
  7787 | D:5      | Noticed a ynoxinul
  7793 | D:5      | XOM: enchant monster (good)
  8195 | D:5      | XOM: scenery: create altars
  8196 | D:5      | Noticed a glowing shapeshifter
  8196 | D:5      | an ogre changed into a glowing shapeshifter
  8196 | D:5      | XOM: polymorph ogre -> glowing shapeshifter
  8196 | D:5      | Noticed a death drake
  8196 | D:5      | a glowing shapeshifter changed into a death drake
  8223 | D:5      | XOM: summons 2 friendly demons
  8263 | D:6      | XOM: 2-stop teleportation journey
  8398 | D:6      | Reached skill level 1 in Evocations
  8398 | D:6      | Reached XP level 8. HP: 49/64 MP: 7/9
  8538 | D:6      | Found a blossoming altar of Fedhas.
  8556 | D:6      | Noticed an oklob plant
  8790 | D:6      | XOM: noise
  8853 | D:6      | Noticed a wyvern
  8989 | D:6      | Killed a wyvern
  9412 | D:6      | XOM: give mutations
  9412 | D:6      | Lost mutation: Armour fits poorly on your strangely shaped
                  | body. [Xom's mischief]
  9412 | D:6      | Gained mutation: Scrolls take you a little longer to read.
                  | [Xom's mischief]
  9412 | D:6      | Gained mutation: Scrolls take you longer to read. [Xom's
                  | mischief]
  9412 | D:6      | Lost mutation: Scrolls take you longer to read. [Xom's
                  | mischief]
  9585 | D:6      | XOM: give mutations
  9585 | D:6      | Gained mutation: Potions are less effective at restoring
                  | your health. [Xom's mischief]
  9585 | D:6      | Gained mutation: You have very sharp teeth. [Xom's
                  | mischief]
  9585 | D:6      | Lost mutation: You are highly resistant to hostile
                  | enchantments. (MR++) [Xom's mischief]
  9760 | D:7      | Noticed a cyclops
  9896 | D:7      | Noticed Pikel
  9902 | D:6      | XOM: enchant monster (good)
  9923 | D:6      | XOM: enchant monster (bad)
  9928 | D:5      | Noticed a black mamba
  9931 | D:5      | Noticed a hippogriff
  9931 | D:5      | a black mamba changed into a hippogriff
 10057 | D:5      | XOM: noise
 10201 | D:5      | XOM: stat loss: -1 Dex (12/13)
 10254 | D:5      | Noticed a salamander
 10311 | D:7      | XOM: summons 1 hostile demon
 10393 | D:6      | XOM: confusion (+ monsters)
 10405 | D:6      | XOM: give mutations
 10405 | D:6      | Lost mutation: You have very sharp teeth. [Xom's mischief]
 10405 | D:6      | Gained mutation: Armour fits poorly on your strangely
                  | shaped body. [Xom's mischief]
 10405 | D:6      | Lost mutation: You are resistant to hostile enchantments.
                  | (MR+) [Xom's mischief]
 10536 | D:7      | XOM: swap monsters
 10540 | D:7      | XOM: polymorph slave -> black bear
 10542 | D:7      | XOM: potion effect (haste)
 10565 | D:7      | XOM: enchant monster (good)
 10793 | D:7      | XOM: cast spell 'Statue Form'
 10818 | D:7      | XOM: enchant monster (bad)
 10818 | D:7      | Killed a cyclops
 10818 | D:7      | Reached skill level 5 in Evocations
 10818 | D:7      | Reached skill level 5 in Long Blades
 10818 | D:7      | Reached XP level 9. HP: 36/69 MP: 12/12
 10853 | D:6      | XOM: silly message
 10979 | D:6      | XOM: divination: magic mapping
 11353 | D:7      | XOM: silly message
 11426 | D:7      | Reached skill level 6 in Long Blades
 11570 | D:7      | You fall into a shaft and drop 2 floors!
 11634 | D:8      | XOM: noise
 11898 | D:7      | Identified the +1 leather armour of Spring {+Fly Str+7
                  | Dex-2}
 12142 | D:7      | XOM: fog
 12268 | D:7      | XOM: smoke on damage
 12471 | D:8      | XOM: give mutations
 12471 | D:8      | Gained mutation: You possess an exceptional clarity of
                  | mind. [Xom's grace]
 12471 | D:8      | Gained mutation: Your mind is acute. (Int +2) [Xom's grace]
 12471 | D:8      | Gained mutation: Your muscles are strong. (Str +2) [Xom's
                  | grace]
 12471 | D:8      | Gained mutation: Your mind is very acute. (Int +4) [Xom's
                  | grace]
 12474 | D:8      | Reached skill level 7 in Long Blades
 12691 | D:8      | XOM: divination: detect creatures
 12696 | D:8      | XOM: cast spell 'Statue Form'
 12714 | D:8      | Noticed Harold
 12717 | D:8      | XOM: summons friendly ice devil
 12733 | D:8      | Noticed Harold
 12733 | D:8      | Harold changed into Harold the elephant
 12733 | D:8      | XOM: polymorph Harold -> Harold the elephant
 12742 | D:8      | Killed Harold the elephant
 12742 | D:8      | Reached skill level 8 in Long Blades
 12742 | D:8      | XOM: 1-stop teleportation journey
 12771 | D:8      | XOM: noise
 13202 | D:8      | XOM: give mutations
 13202 | D:8      | Lost mutation: Your flesh is cold resistant. (rC+) [Xom's
                  | mischief]
 13202 | D:8      | Lost mutation: Your muscles are strong. (Str +2) [Xom's
                  | mischief]
 13202 | D:8      | Lost mutation: Your mind is very acute. (Int +4) [Xom's
                  | mischief]
 13322 | D:8      | XOM is BORED!
 13322 | D:8      | XOM: stat loss: -1 Int (13/14)
 13352 | D:8      | XOM: 5-stop teleportation journey
 13651 | D:7      | XOM: give mutations
 13651 | D:7      | Lost mutation: Potions are less effective at restoring your
                  | health. [Xom's mischief]
 13651 | D:7      | Gained mutation: Scrolls take you longer to read. [Xom's
                  | mischief]
 13654 | D:7      | XOM: give mutations
 13654 | D:7      | Gained mutation: You occasionally shout uncontrollably at
                  | your foes. [Xom's mischief]
 13654 | D:7      | Gained mutation: You sometimes yell uncontrollably at your
                  | foes. [Xom's mischief]
 13654 | D:7      | Gained mutation: Scrolls take you much longer to read.
                  | [Xom's mischief]
 13654 | D:7      | Gained mutation: You frequently scream uncontrollably at
                  | your foes. [Xom's mischief]
 13658 | D:7      | XOM: enchant monster (good)
 13779 | D:7      | XOM: silly message
 13809 | D:7      | XOM: divination: detect items
 13842 | D:7      | XOM: swap monsters
 13880 | D:7      | XOM: 1-stop teleportation journey
 13913 | D:7      | XOM: give mutations
 13913 | D:7      | Lost mutation: Armour fits poorly on your strangely shaped
                  | body. [Xom's mischief]
 13913 | D:7      | Lost mutation: Your mind is acute. (Int +2) [Xom's
                  | mischief]
 13913 | D:7      | Lost mutation: You possess an exceptional clarity of mind.
                  | [Xom's mischief]
 13913 | D:7      | Lost mutation: You do not regenerate when monsters are
                  | visible. [Xom's mischief]
 13952 | D:7      | Lost mutation: You frequently scream uncontrollably at your
                  | foes. [evolution]
 14011 | D:7      | XOM: silly message
 14238 | D:7      | XOM: god gift: shimmering bone ring {god gift}
 14239 | D:7      | Got a shimmering bone ring {god gift}
 14241 | D:7      | Identified the ring "Egadeykhog" {god gift, Ice rN++ SInv
                  | Stlth-} (Xom gifted it to you on level 7 of the Dungeon)
 14379 | D:6      | XOM: polymorph slave -> wolf
 14410 | D:6      | XOM: cast spell 'Cause Fear'
 14620 | D:7      | XOM: god gift: pink potion {god gift}
 14637 | D:6      | XOM is BORED!
 14637 | D:6      | XOM: noise
 14638 | D:6      | XOM: god gift: 5 rations {god gift}
 14680 | D:6      | XOM: confuse monster(s)
 14709 | D:6      | XOM: god gift: 660 gold pieces {god gift}
 14724 | D:6      | Killed Pikel
 14724 | D:6      | Reached XP level 10. HP: 76/76 MP: 13/13
 14837 | D:3      | XOM: god gift: slimy triple sword {god gift}
 14838 | D:3      | Got a slimy triple sword {god gift}
 14845 | D:3      | Identified the +10 triple sword of Conformity {god gift,
                  | chaos, *Drain Int+5 Stlth+} (Xom gifted it to you on level
                  | 3 of the Dungeon)
 14950 | D:3      | XOM: summons friendly crimson imp
 15066 | D:3      | Killed Sigmund
 15133 | D:3      | Found a glowing golden altar of the Shining One.
 15207 | D:3      | Banished Grinder
 15207 | D:3      | Reached skill level 9 in Long Blades
 15303 | D:5      | Killed Dowan
 15471 | D:5      | Found a runed translucent door.
 15472 | D:5      | Noticed Crazy Yiuf
 15476 | D:5      | Killed Crazy Yiuf
 15643 | D:5      | Noticed a water nymph
 15644 | D:5      | Killed Duvessa
 15644 | D:5      | XOM: divine lightning
 15648 | D:5      | Noticed a torpor snail
 15648 | D:5      | a water nymph changed into a torpor snail
 15652 | D:5      | a torpor snail changed into a swamp worm
 15654 | D:5      | Noticed a glowing shapeshifter
 15654 | D:5      | a swamp worm changed into a glowing shapeshifter
 15654 | D:5      | XOM: enchant monster (good)
 15656 | D:5      | Killed a glowing shapeshifter
 15708 | D:5      | Found a shimmering altar of Xom.
 15709 | D:5      | Found a shimmering altar of Xom.
 15710 | D:5      | Found a shimmering altar of Xom.
 15710 | D:5      | Found a shimmering altar of Xom.
 15714 | D:5      | Found a shimmering altar of Xom.
 15720 | D:5      | Found a shimmering altar of Xom.
 15822 | D:5      | Found a hazy altar of Hepliaklqana.
 15824 | D:5      | Found an ancient bone altar of Kikubaaqudgha.
 16462 | D:8      | XOM: god gift: scroll labeled IMNOUM TIUGUY {god gift}
 16486 | D:8      | XOM: confuse monster(s)
 16605 | D:9      | Noticed an elephant
 16617 | D:9      | XOM: summons friendly crimson imp
 16631 | D:9      | XOM: cast spell 'Summon Mana Viper'
 16637 | D:9      | Killed an elephant
 16637 | D:9      | Reached skill level 10 in Long Blades
 16842 | D:9      | Found a staircase to the Lair.
 16938 | D:9      | XOM: silly message
 17042 | D:9      | XOM: noise
 17127 | D:9      | Reached skill level 11 in Long Blades
 17190 | D:9      | Found a bloodstained altar of Trog.
 17190 | D:9      | Found an iron altar of Okawaru.
 17190 | D:9      | XOM: 2-stop teleportation journey
 17193 | D:9      | Reached XP level 11. HP: 60/81 MP: 14/14
 17318 | D:9      | XOM: 1-stop teleportation journey
 17676 | D:9      | Lost mutation: Scrolls take you much longer to read.
                  | [evolution]
 17703 | D:10     | Entered Level 10 of the Dungeon
 17703 | D:10     | Found Tynlerha's Jewellery Boutique.
 17703 | D:10     | Found Macojine's Weapon Shoppe.
 17703 | D:10     | Found Onabam's Antique Armour Shoppe.
 17766 | D:10     | Bought the ring "Tihiko" {rF+ Str+4 Slay+2} for 634 gold
                  | pieces
 17798 | D:10     | Bought a +3 hunting sling of freezing for 256 gold pieces
 17913 | D:10     | Found Asmu Wimn's Assorted Antiques.
 17919 | D:10     | Bought a scroll labeled OKADEE NEACLA for 30 gold pieces
 17919 | D:10     | Bought a potion of degeneration for 30 gold pieces
 17919 | D:10     | Bought a scroll of teleportation for 90 gold pieces
 17919 | D:10     | Bought a scroll of fog for 60 gold pieces
 17919 | D:10     | Bought a fuming pink potion for 27 gold pieces
 18343 | D:10     | Found a staircase to the Orcish Mines.
 18354 | D:10     | XOM: confusion (+ monsters)
 18358 | D:10     | XOM: destruction
 18376 | D:10     | XOM: divination: detect creatures
 18378 | D:10     | XOM: potion effect (stabbing)
 18387 | D:10     | XOM: cast spell 'Alistair's Intoxication'
 18497 | D:9      | XOM: confuse monster(s)
 18726 | D:10     | Noticed a manticore
 18732 | D:10     | XOM: divination: detect creatures
 18733 | D:10     | XOM: butterfly on damage
 18733 | D:10     | HP: 3/81 [manticore (2)]
 18734 | D:10     | XOM: cast spell 'Call Canine Familiar'
 18734 | D:10     | Slain by a manticore
